 Dungeon Crawl Stone Soup version 0.22.1-1-ga44c0e5 (webtiles) character file.

68873 inc the Ripper (level 14, 0/71 HPs)
             Began as a Felid Fighter on Oct 27, 2018.
             Was a Follower of Uskayaw.
             Succumbed to a swamp dragon's poison gas
             ... on level 4 of the Swamp.
             The game lasted 01:52:28 (48535 turns).

inc the Ripper (Felid Fighter)                     Turns: 48535, Time: 01:52:29

Health: 0/71       AC:  7    Str: 12    XL:     14   Next: 88%
Magic:  22/32      EV: 36    Int:  8    God:    Uskayaw [*.....]
Gold:   535        SH:  0    Dex: 28    Spells: 13/13 levels left
                                        Lives:  0   Deaths: 3

rFire    . . .     SeeInvis +     - Unarmed
rCold    + . .     Gourm    .   (shield unavailable)
rNeg     . . .     Faith    .   (armour unavailable)
rPois    .         Spirit   +   (helmet unavailable)
rElec    +         Reflect  .   (cloak unavailable)
rCorr    .         Harm     .   (gloves unavailable)
MR       ++...                  (boots unavailable)
Stlth    ++++......             u - amulet of guardian spirit
HPRegen  0.21/turn              Z - ring "Cuzim" {+Fly rElec Dex+6}
MPRegen  0.23/turn              D - ring of magical power

@: lethally poisoned (0 -> -22), about to teleport, very slow
A: very small, no armour, no weapons or thrown items, stealth, antennae 1, claws
1, fangs 3, molten scales 1, slimy green scales 1, see invisible, carnivore,
dopey 1, speed 1, shaggy fur 3, slow metabolism 1, sharp paws
a: Stomp, Renounce Religion, Evoke Flight


You were on level 4 of the Swamp.
You worshipped Uskayaw.
Uskayaw was aware of your devotion.
You were near starving.

You visited 4 branches of the dungeon, and saw 27 of its levels.

You collected 2572 gold pieces.
You spent 2037 gold pieces at shops.

Inventory:

Jewellery
 i - an uncursed amulet of rage
 n - an uncursed ring of protection from magic
 u - an amulet of guardian spirit (around neck)
 x - an uncursed ring of protection from cold
 D - a ring of magical power (right paw)
 J - an uncursed ring of protection from cold
 O - the ring "Nyeptuhuy" {rF+ Int+5 Stlth-}
   (You found it on level 13 of the Dungeon)

   [ring of attention]

   It affects your intelligence (+5).
   It protects you from fire.
   It makes you less stealthy.
 W - an uncursed amulet of faith
 Y - a +3 ring of strength
 Z - the ring "Cuzim" (left paw) {+Fly rElec Dex+6}
   (You found it on level 6 of the Lair of Beasts)

   [ring of flight]

   It affects your dexterity (+6).
   It insulates you from electricity.
   It lets you fly.
Wands
 a - a wand of acid (9)
 b - a wand of flame (114)
 e - a wand of digging (7)
 t - a wand of random effects (34)
 A - a wand of clouds (5)
 C - a wand of polymorph (24)
 I - a wand of enslavement (34)
 K - a wand of paralysis (8)
 L - a wand of iceblast (14)
 M - a wand of scattershot (10)
Scrolls
 c - 6 scrolls of fog
 h - 4 scrolls of amnesia
 o - a scroll of vulnerability
 r - 2 scrolls of teleportation
 w - a scroll of holy word
 y - 8 scrolls of remove curse
 E - 4 scrolls of fear
 R - a scroll of summoning
 S - 2 scrolls of immolation
 U - 2 scrolls of identify
 V - a scroll of silence
 X - a scroll of magic mapping
Potions
 d - 5 potions of invisibility
 j - 2 potions of cancellation
 k - 4 potions of flight
 l - a potion of agility
 p - 2 potions of magic
 s - 2 potions of berserk rage
 z - 12 potions of haste
 B - 5 potions of brilliance
 G - 5 potions of lignification
 H - a potion of mutation
 P - 3 potions of might
Miscellaneous
 m - a lamp of fire
 v - a lightning rod (4/4)
Comestibles
 N - 40 rations


   Skills:
 - Level 13.7 Fighting
 + Level 16.4 Dodging
 - Level 15.7 Stealth
 - Level 16.8 Unarmed Combat
 - Level 11.3 Invocations
 - Level 9.6 Evocations


You had 13 spell levels left.
You didn't know any spells.
Your spell library contained the following spells:

 Spells                   Type           Power        Failure   Level  Hunger
 Animate Skeleton         Necr           N/A          41%         1    ##.....
 Apportation              Tloc           #.....       41%         1    ##.....
 Beastly Appendage        Tmut           #.....       41%         1    ##.....
 Confusing Touch          Hex            #.....       41%         1    ##.....
 Infusion                 Chrm           #...         41%         1    ##.....
 Magic Dart               Conj           #...         41%         1    ##.....
 Sting                    Conj/Pois      #...         41%         1    ##.....
 Summon Small Mammal      Summ           #...         41%         1    ##.....
 Blink                    Tloc           N/A          54%         2    ###....
 Call Imp                 Summ           #.......     54%         2    ###....
 Ensorcelled Hibernation  Hex/Ice        #.....       54%         2    ###....
 Poisonous Vapours        Pois/Air       #.....       54%         2    ###....
 Shroud of Golubria       Chrm/Tloc      #.........   54%         2    ###....
 Slow                     Hex            #.......     54%         2    ###....
 Song of Slaying          Chrm           #.......     54%         2    ###....
 Sticks to Snakes         Tmut           #.......     54%         2    ###....
 Call Canine Familiar     Summ           #.......     78%         3    ####...
 Conjure Flame            Conj/Fire      #.......     78%         3    ####...
 Gell's Gravitas          Tloc           #.........   78%         3    ####...
 Inner Flame              Hex/Fire       #.......     78%         3    ####...
 Lesser Beckoning         Tloc           #.........   78%         3    ####...
 Mephitic Cloud           Conj/Pois/Air  #.......     78%         3    ####...
 Regeneration             Chrm/Necr      #.........   78%         3    ####...
 Spider Form              Tmut/Pois      #.........   78%         3    ####...
 Summon Guardian Golem    Hex/Summ       #.......     78%         3    ####...
 Teleport Other           Tloc           #.......     78%         3    ####...
 Tukima's Dance           Hex            #.......     78%         3    ####...
 Ice Form                 Ice/Tmut       #.......     99%         4    #####..
 Leda's Liquefaction      Hex/Erth       #.........   99%         4    #####..
 Olgreb's Toxic Radiance  Pois           #.......     99%         4    #####..
 Passage of Golubria      Tloc           N/A          99%         4    #####..
 Summon Ice Beast         Ice/Summ       #.......     99%         4    #####..
 Summon Lightning Spire   Summ/Air       #.......     99%         4    #####..
 Blade Hands              Tmut           #.........   100%        5    ######.
 Bolt of Magma            Conj/Fire/Erth #.........   100%        5    ######.
 Metabolic Englaciation   Hex/Ice        #.........   100%        5    ######.
 Venom Bolt               Conj/Pois      #.........   100%        5    ######.
 Iron Shot                Conj/Erth      #.........   100%        6    #######
 Statue Form              Tmut/Erth      #........    100%        6    #######
 Shatter                  Erth           #.........   100%        9    #######
 Portal Projectile        Hex/Tloc       Unusable     N/A         3    N/A
 Spectral Weapon          Hex/Chrm       Unusable     N/A         3    N/A

Dungeon Overview and Level Annotations

Branches:
Dungeon (15/15)            Temple (0/1) D:5            Lair (6/6) D:11
  Swamp (4/4) Lair:2       Spider (0/4) Lair:4        Slime (0/5) Lair:6
    Orc (2/2) D:12            Elf (0/3) Orc:2        Vaults (0/5) D:13
 Depths (0/5) D:15

Altars:
Gozag
Hepliaklqana
Makhleb
Okawaru
Ru
Uskayaw
Vehumet
Xom
Yredelemnul
Beogh
Jiyva

Shops:
D:8 *   D:10 *   D:13 =   Orc:1 (   Orc:2 (!}?

Portals:
Pandemonium: Orc:2
Trove: D:13 (give 2 scrolls of acquirement)

Annotations:
D:5 2 runed doors, exclusion: statue, Benis312's ghost, amateur DsAK
D:11 Fannar
D:12 Nessos
D:13 Rupert
Lair:1 exclusion: 4 oklob plants
Swamp:2 Nikola


Innate Abilities, Weirdness & Mutations

You cannot wear armour.
You are incapable of wielding weapons or throwing items.
Your paws allow you to move quietly. (Stealth)
You have sharp claws.
You have razor-sharp teeth.
You have supernaturally acute eyesight. (SInv)
You are carnivorous and can eat meat at any time.
You cover ground quickly.
Your thick and shaggy fur keeps you warm. (AC +3, rC+)
You have a slow metabolism.
Your sharp claws are effective at attacking unaware monsters.
You have a pair of small antennae on your head.
You are partially covered in molten scales. (AC +2)
You are partially covered in slimy green scales. (AC +2)
You are dopey. (Int -2)


Message History

You feel sick.
Okay, then.
* * * LOW HITPOINT WARNING * * *
You feel very sick. The seven-headed hydra bites you!
* * * LOW HITPOINT WARNING * * *
The seven-headed hydra completely misses you.
The seven-headed hydra misses you.
The seven-headed hydra completely misses you.
The seven-headed hydra bites you.
* * * LOW HITPOINT WARNING * * *
The seven-headed hydra misses you.
The seven-headed hydra bites you but does no damage.
* * * LOW HITPOINT WARNING * * *
You feel sick.
The swamp dragon seems to regain its courage.
Unknown command.
You enter the shallow water.
Moving in this stuff is going to be slow.
You die...

.≈≈...≈.≈§≈≈≈.).≈≈♣♣
♣♣≈≈≈≈..≈≈≈D≈≈♣.≈..♣
#♣♣≈..≈.≈≈≈≈≈≈≈..§♣ ##
#♣.≈≈.≈≈≈≈≈≈≈≈.♣
.####♣.≈..≈≈≈≈≈≈≈≈♣
...##♣≈§.≈≈≈≈§≈≈≈≈♣♣
....##♣≈≈§≈)..§≈≈≈.♣
....##♣≈≈≈≈..≈D.≈≈.♣
....#♣§≈≈≈≈≈≈≈≈§@≈≈♣
...##♣≈≈≈≈≈≈≈≈≈≈≈<♣♣
...#♣§≈..).≈≈≈≈≈≈..♣
..##≈...≈♣.≈.≈≈≈≈≈♣♣♣♣♣
.##♣≈♣♣♣♣♣......=..≈.≈♣
##§..♣ ♣≈≈≈♣♣♣♣.§≈≈♣♣
.§.♣♣♣ ♣♣≈≈.♣ ♣♣...♣
♣.♣♣ ♣.≈.♣♣ ♣..♣♣ ≈.≈♣
♣≈≈≈≈≈≈≈♣♣♣♣♣


You could see a seven-headed hydra and a swamp dragon.

Vanquished Creatures
  An acid blob (Lair:6)
  Gastronok (D:8)
  A thorn hunter (Swamp:1)
  A very ugly thing (Swamp:4)
  A dire elephant (D:15)
  A ghost crab (Swamp:3)
  21 hydras
  3 centaur warriors
  2 catoblepae
  9 alligators
  5 two-headed ogres
  14 death yaks
  2 tengu warriors
  A deep troll shaman (Lair:6)
  8 orc high priests
  A soul eater (Orc:2)
  7 spriggans
  Sonja (Lair:4)
  8 skeletal warriors
  2 wizards
  2 gelid demonspawn (Orc:2)
  2 torturous demonspawn (Orc:2)
  2 unseen horrors
  4 spriggan druids
  7 swamp dragons (Swamp:4)
  2 lindwurms
  2 shambling mangroves
  8 ugly things
  4 orc knights (Orc:2)
  7 orc sorcerers (Orc:2)
  4 cyclopes
  An oklob plant (D:11)
  2 deep elf magi
  3 manticores
  A salamander (D:15)
  6 elephants
  6 black mambas
  2 centaur zombies
  A rust devil (Orc:2)
  Maurice (D:10)
  A smoke demon (Orc:2)
  3 gargoyles
  2 centaur skeletons (D:15)
  16 spiny frogs
  A hellwing (Orc:2)
  2 kobold demonologists (D:14)
  2 rime drakes (Lair:4)
  8 komodo dragons
  A redback zombie (D:11)
  3 ice devils
  A freezing wraith (D:13)
  15 polar bears
  9 tyrant leeches
  13 hornets
  20 blink frogs
  5 bog bodies
  18 hippogriffs
  44 slime creatures
  4 shadows
  31 yaks
  3 wraiths
  Grum (D:10)
  A spriggan (shapeshifter) (D:13)
  A human (D:8)
  3 wyverns
  5 basilisks
  A steam dragon (D:11)
  A neqoxec (Orc:2)
  17 vampire mosquitoes
  3 wargs
  3 acid dragons
  8 insubstantial wisps (Swamp:1)
  13 swamp worms
  10 water moccasins
  27 orc warriors
  7 porcupines
  An ice beast (D:9)
  4 sky beasts
  9 black bears
  12 swamp drakes
  2 phantoms
  18 wolves
  10 ogres
  16 crocodiles
  A necrophage (D:11)
  8 centaurs
  A crocodile (shapeshifter) (D:12)
  20 bullfrogs
  4 big kobolds
  A gnoll sergeant (D:8)
  A wyvern zombie (D:7)
  A water moccasin zombie (D:9)
  9 scorpions
  A wyvern skeleton (D:6)
  3 killer bees (D:11)
  4 wights (D:8)
  An electric eel (Lair:2)
  5 howler monkeys
  5 crimson imps
  A bullfrog zombie (D:10)
  A quasit (D:7)
  18 orc priests
  5 hounds
  5 jellies
  A gnoll shaman (D:5)
  17 orc wizards
  10 iguanas
  10 worker ants
  3 hound skeletons
  12 gnolls
  A howler monkey skeleton (D:8)
  7 adders
  6 shadow imps
  2 oozes
  An adder zombie (D:9)
  3 adder skeletons
  2 worms
  3 dart slugs
  7 leopard geckos
  68 orcs
  4 giant cockroaches
  12 goblins
  9 hobgoblins
  3 jackals (D:1)
  9 quokkas
  3 ball pythons
  13 bats
  8 frilled lizards
  27 kobolds
  A leopard gecko skeleton (D:4)
  6 rats
  A butterfly (Lair:3)
  A fungus (Lair:6)
  A plant (D:11)
878 creatures vanquished.

Vanquished Creatures (collateral kills)
  A spriggan (Swamp:4)
1 creature vanquished.

Vanquished Creatures (others)
  A swamp drake (Swamp:4)
  2 bushes
  19 fungi
  28 plants
50 creatures vanquished.

Grand Total: 929 creatures vanquished

Notes
Turn   | Place    | Note
-------+----------+-------------------------------------------
     0 | D:1      | inc the Felid Fighter began the quest for the Orb.
     0 | D:1      | Reached XP level 1. HP: 10/10 MP: 2/2
   420 | D:1      | Reached XP level 2. HP: 14/14 MP: 3/3
   943 | D:2      | Reached skill level 5 in Dodging
   943 | D:2      | Reached XP level 3. HP: 17/17 MP: 4/4
  1335 | D:2      | Reached XP level 4. HP: 21/21 MP: 5/5
  2111 | D:3      | Reached skill level 5 in Unarmed Combat
  2545 | D:3      | Found an opulent altar of Gozag.
  2642 | D:4      | Reached XP level 5. HP: 24/24 MP: 6/6
  2740 | D:4      | Noticed an ogre
  3226 | D:4      | Found a basalt altar of Yredelemnul.
  3318 | D:4      | Noticed an ogre
  3347 | D:4      | Killed an ogre
  3347 | D:4      | Gained mutation: You are covered in thick fur. (AC +2)
                  | [Felid growth]
  3347 | D:4      | Reached XP level 6. HP: 28/28 MP: 7/7
  3895 | D:5      | Entered Level 5 of the Dungeon
  3903 | D:5      | Found a runed door.
  3907 | D:5      | Noticed Benis312's ghost (amateur DsAK)
  3987 | D:5      | Found a runed door.
  4442 | D:5      | Found a staircase to the Ecumenical Temple.
  4646 | D:5      | Found a radiant altar of Vehumet.
  4669 | D:5      | Found an iron altar of Okawaru.
  4669 | D:5      | Found a hide-covered altar of Uskayaw.
  4929 | D:5      | Became a worshipper of Uskayaw the Reveler
  4989 | D:6      | Reached * piety under Uskayaw
  4991 | D:6      | Reached XP level 7. HP: 30/31 MP: 8/8
  4991 | D:6      | Reached ** piety under Uskayaw
  5288 | D:5      | Reached *** piety under Uskayaw
  5836 | D:6      | Found a hazy altar of Hepliaklqana.
  6137 | D:6      | Reached XP level 8. HP: 36/36 MP: 9/9
  6216 | D:6      | Reached skill level 5 in Fighting
  6693 | D:7      | Noticed a hippogriff
  6730 | D:7      | Reached skill level 10 in Dodging
  8038 | D:7      | Killed a hippogriff
  8430 | D:8      | Reached **** piety under Uskayaw
  8607 | D:8      | Found Noaxt's General Store.
  8610 | D:8      | Bought a potion of haste for 110 gold pieces
  8610 | D:8      | Bought a potion of invisibility for 88 gold pieces
  8610 | D:8      | Bought a scroll of teleportation for 33 gold pieces
  8708 | D:8      | Noticed a hippogriff
  8724 | D:8      | Killed a hippogriff
  8724 | D:8      | Reached XP level 9. HP: 32/43 MP: 10/10
  9118 | D:8      | Reached skill level 5 in Stealth
  9177 | D:8      | Noticed Gastronok
  9225 | D:8      | Killed Gastronok
  9225 | D:8      | Reached XP level 10. HP: 38/47 MP: 11/11
 10835 | D:10     | Entered Level 10 of the Dungeon
 10903 | D:10     | Noticed a two-headed ogre
 10921 | D:10     | Killed a two-headed ogre
 10927 | D:10     | Found Yreohish's Assorted Antiques.
 10928 | D:10     | Reached ***** piety under Uskayaw
 11124 | D:10     | Bought a glass ring for 125 gold pieces
 11124 | D:10     | Bought a dented copper amulet for 125 gold pieces
 11162 | D:10     | Noticed Grum
 11174 | D:10     | Killed Grum
 11442 | D:10     | Noticed Maurice
 11463 | D:10     | Killed Maurice
 11972 | D:10     | Reached XP level 11. HP: 50/50 MP: 12/12
 12424 | D:11     | Found a shimmering altar of Xom.
 12425 | D:11     | Found a shimmering altar of Xom.
 12425 | D:11     | Found a shimmering altar of Xom.
 12426 | D:11     | Found a shimmering altar of Xom.
 12426 | D:11     | Found a shimmering altar of Xom.
 12426 | D:11     | Noticed a death knight
 13064 | D:11     | Found a burning altar of Makhleb.
 13169 | D:11     | Noticed a two-headed ogre
 13171 | D:11     | Killed a two-headed ogre
 13277 | D:11     | Found a shimmering altar of Xom.
 13279 | D:11     | Found a shimmering altar of Xom.
 13280 | D:11     | Noticed Fannar
 13281 | D:11     | Noticed an oklob plant
 13399 | D:11     | Found the +9 sword of Zonguldrok {reap}
 13439 | D:11     | Noticed a red ugly thing
 13445 | D:11     | Killed a red ugly thing
 13785 | D:11     | Reached skill level 5 in Invocations
 14021 | D:11     | Found a staircase to the Lair.
 14192 | D:11     | Killed an oklob plant
 14442 | D:12     | Reached ****** piety under Uskayaw
 14505 | D:12     | Reached skill level 5 in Evocations
 14813 | D:12     | Found a staircase to the Orcish Mines.
 14813 | D:12     | Noticed an eight-headed hydra
 14838 | D:12     | Killed an eight-headed hydra
 14927 | D:12     | Noticed Nessos
 15281 | D:12     | Noticed a deep elf mage
 15344 | D:13     | Noticed a skeletal warrior
 15344 | D:13     | Noticed a skeletal warrior
 15344 | D:13     | Noticed a skeletal warrior
 15345 | D:13     | Noticed a skeletal warrior
 15346 | D:13     | Killed a skeletal warrior
 15347 | D:13     | Noticed a skeletal warrior
 15348 | D:13     | Killed a skeletal warrior
 15350 | D:13     | Killed a skeletal warrior
 15350 | D:13     | Gained mutation: Your thick and shaggy fur keeps you warm.
                  | (AC +3, rC+) [Felid growth]
 15350 | D:13     | Reached XP level 12. HP: 55/55 MP: 19/19
 15510 | D:13     | Noticed Rupert
 15530 | D:13     | Noticed a two-headed ogre
 15536 | D:13     | Found a portal to a secret trove of treasure.
 15557 | D:13     | Killed a two-headed ogre
 15716 | D:13     | Noticed a two-headed ogre
 15727 | D:13     | Killed a two-headed ogre
 15904 | D:13     | Found a gate to the Vaults.
 15909 | D:13     | Got a slimy lead ring
 15911 | D:13     | Identified the ring "Nyeptuhuy" {rF+ Int+5 Stlth-} (You
                  | found it on level 13 of the Dungeon)
 15959 | D:13     | Found Vonuamm's Jewellery Shop.
 16461 | Lair:1   | Entered Level 1 of the Lair of Beasts
 16558 | Lair:1   | Reached skill level 10 in Unarmed Combat
 17618 | Lair:2   | Reached XP level 13. HP: 29/60 MP: 16/21
 17983 | Lair:2   | Found a staircase to the Swamp.
 18125 | Lair:1   | Reached skill level 15 in Dodging
 18746 | Lair:2   | Reached skill level 10 in Fighting
 19559 | Lair:2   | HP: 3/61 [black mamba (5)]
 19562 | Lair:2   | Succumbed to a black mamba's poison
 19563 | Lair:2   | Reached XP level 12. HP: 0/58 MP: 22/29
 20082 | Lair:3   | Noticed a death yak
 20084 | Lair:3   | Noticed a death yak
 20084 | Lair:3   | Noticed a death yak
 20084 | Lair:3   | Noticed a death yak
 20085 | Lair:3   | Noticed a death yak
 20106 | Lair:3   | Killed a death yak
 20107 | Lair:3   | Killed a death yak
 20114 | Lair:3   | Noticed a death yak
 20456 | Lair:3   | Noticed a five-headed hydra
 20511 | Lair:3   | Killed a five-headed hydra
 20604 | Lair:2   | Killed a death yak
 20755 | Lair:3   | Killed a death yak
 21192 | Lair:3   | Killed a death yak
 21200 | Lair:3   | Killed a death yak
 21200 | Lair:3   | Reached XP level 13. HP: 39/63 MP: 19/21
 21581 | Lair:4   | Found a hole to the Spider Nest.
 22030 | Lair:4   | Found a sacrificial altar of Ru.
 22303 | Lair:4   | Noticed Sonja
 23211 | Lair:5   | Reached skill level 15 in Stealth
 24126 | Lair:6   | Entered Level 6 of the Lair of Beasts
 24546 | Lair:6   | Found a runed door.
 24552 | Lair:6   | Found a viscous altar of Jiyva.
 24553 | Lair:6   | Found a staircase to the Slime Pits.
 24553 | Lair:6   | Noticed an acid blob
 24564 | Lair:6   | Killed an acid blob
 25488 | Lair:6   | Reached XP level 14. HP: 67/67 MP: 22/22
 25989 | Lair:6   | HP: 3/67 [something/blast of calcifying dust (6)]
 26700 | Lair:6   | Got a heavily runed platinum ring
 26701 | Lair:6   | Identified the ring "Cuzim" {+Fly rElec Dex+6} (You found
                  | it on level 6 of the Lair of Beasts)
 27067 | Lair:4   | Killed Sonja
 27071 | Lair:4   | Reached skill level 10 in Invocations
 27641 | Orc:1    | Entered Level 1 of the Orcish Mines
 28079 | Orc:2    | Entered Level 2 of the Orcish Mines
 28177 | Orc:2    | Gained mutation: You expend magic power (3 MP) to
                  | strengthen your wands. [a neqoxec]
 28224 | Orc:2    | Paralysed by an orc sorcerer for 5 turns
 28777 | Orc:2    | Found a staircase to the Elven Halls.
 28921 | Orc:2    | Found Qamoagh's Distillery.
 28922 | Orc:2    | Found Ogrea's Magic Scroll Emporium.
 29863 | Orc:2    | Bought a potion of haste for 140 gold pieces
 29863 | Orc:2    | Bought a potion of heal wounds for 70 gold pieces
 29863 | Orc:2    | Bought a potion of curing for 42 gold pieces
 29863 | Orc:2    | Bought a potion of curing for 42 gold pieces
 29863 | Orc:2    | Bought 2 potions of curing for 84 gold pieces
 29863 | Orc:2    | Bought 2 potions of haste for 280 gold pieces
 29863 | Orc:2    | Bought a potion of haste for 140 gold pieces
 29874 | Orc:2    | Lost mutation: You expend magic power (3 MP) to strengthen
                  | your wands. [potion of mutation]
 29874 | Orc:2    | Gained mutation: You are clumsy. (Dex -2) [potion of
                  | mutation]
 29874 | Orc:2    | Gained mutation: Your spells are a little harder to cast,
                  | but a little more powerful. [potion of mutation]
 29874 | Orc:2    | Gained mutation: You are frail. (-10% HP) [potion of
                  | mutation]
 29874 | Orc:2    | Gained mutation: You passively map a small area around you.
                  | [potion of mutation]
 29875 | Orc:2    | Lost mutation: Your spells are a little harder to cast, but
                  | a little more powerful. [potion of mutation]
 29875 | Orc:2    | Lost mutation: You passively map a small area around you.
                  | [potion of mutation]
 29875 | Orc:2    | Gained mutation: Your flesh is cold resistant. (rC+)
                  | [potion of mutation]
 29875 | Orc:2    | Gained mutation: Your spells are a little harder to cast,
                  | but a little more powerful. [potion of mutation]
 29877 | Orc:2    | Bought a potion of mutation for 112 gold pieces
 29877 | Orc:2    | Lost mutation: Your spells are a little harder to cast, but
                  | a little more powerful. [potion of mutation]
 29877 | Orc:2    | Lost mutation: You are clumsy. (Dex -2) [potion of
                  | mutation]
 29877 | Orc:2    | Lost mutation: You are frail. (-10% HP) [potion of
                  | mutation]
 29877 | Orc:2    | Lost mutation: Your flesh is cold resistant. (rC+) [potion
                  | of mutation]
 29877 | Orc:2    | Gained mutation: You are partially covered in molten
                  | scales. (AC +2) [potion of mutation]
 29877 | Orc:2    | Gained mutation: You are dopey. (Int -2) [potion of
                  | mutation]
 29877 | Orc:2    | Gained mutation: You have a pair of small antennae on your
                  | head. [potion of mutation]
 29877 | Orc:2    | Gained mutation: You are partially covered in slimy green
                  | scales. (AC +2) [potion of mutation]
 32813 | D:15     | Entered Level 15 of the Dungeon
 34200 | D:15     | Found a hide-covered altar of Uskayaw.
 34382 | D:15     | Found a staircase to the Depths.
 34385 | D:15     | Reached XP level 15. HP: 73/73 MP: 24/24
 35435 | Orc:2    | Bought a scroll of summoning for 123 gold pieces
 35435 | Orc:2    | Bought a scroll of teleportation for 39 gold pieces
 36129 | Orc:2    | Found Jalyud's Gadget Boutique.
 36129 | Orc:2    | Found Fogoliema's Antique Weapon Shop.
 36129 | Orc:2    | Found a one-way gate leading to the halls of Pandemonium.
 36148 | Orc:2    | Bought a wand of acid (5) for 198 gold pieces
 36148 | Orc:2    | Bought a wand of acid (9) for 286 gold pieces
 36449 | Orc:1    | Found Maoh's Weapon Boutique.
 36640 | Orc:1    | Found a roughly hewn altar of Beogh.
 36986 | Swamp:1  | Entered Level 1 of the Swamp
 37516 | Swamp:1  | Identified the Guide on Malediction
 38632 | Swamp:1  | Noticed a thorn hunter
 38868 | Swamp:1  | Killed a thorn hunter
 39544 | Swamp:1  | Reached skill level 15 in Unarmed Combat
 40255 | Swamp:2  | Noticed Nikola
 41848 | Swamp:3  | Reached XP level 16. HP: 39/77 MP: 25/25
 42392 | Swamp:3  | Engulfed by a ghost crab's spectral mist
 42393 | Swamp:3  | Reached XP level 15. HP: -4/73 MP: 24/24
 43166 | Swamp:4  | Entered Level 4 of the Swamp
 44482 | Swamp:3  | Succumbed to a swamp dragon's poison gas
 44483 | Swamp:3  | Reached XP level 14. HP: -3/69 MP: 23/23
 45006 | Swamp:4  | Noticed a brown very ugly thing
 45272 | Swamp:4  | HP: 3/69 [swamp drake][a spriggan druid] (1)]
 46132 | Swamp:4  | Killed a brown very ugly thing
 46164 | Swamp:4  | HP: 2/70 [spriggan druid/angry trees (13)]
 48534 | Swamp:4  | HP: 3/71 [poisoned by a swamp dragon (poison gas)]
 48535 | Swamp:4  | Succumbed to a swamp dragon's poison gas

Skill      XL: |  1  2  3  4  5  6  7  8  9 10 11 12 13 14 15 16 |
---------------+-------------------------------------------------+-----
Dodging        | 5 6 7 8 9 11 13 16 15 | 16.4
Unarmed Combat | 5 6 8 9 10 11 12 15 16 | 16.8
Fighting       | 4 7 11 10 13 | 13.7
Stealth        | 3 11 12 15 | 15.7
Invocations    | 5 8 11 | 11.3
Evocations     | 8 9 |  9.6

Action                   |  1- 3 |  4- 6 |  7- 9 | 10-12 | 13-15 | 16-18 || total
-------------------------+-------+-------+-------+-------+-------+-------++-------
Melee: Unarmed           |    82 |   186 |   293 |   791 |  1816 |    41 ||  3209
       Bite              |     6 |    25 |    38 |   106 |   302 |     5 ||   482
       Punch             |       |     6 |     8 |    38 |   189 |     1 ||   242
Invok: Line Pass         |       |       |       |       |     3 |       ||     3
       Stomp             |       |       |       |       |     1 |       ||     1
       Grand Finale      |       |       |       |       |     1 |       ||     1
 Abil: Evoke Berserk Rag |       |       |     1 |     3 |       |       ||     4
Evoke: Lightning rod     |       |       |       |    13 |    20 |       ||    33
       Wand              |       |       |       |       |    97 |       ||    97
       Lamp of fire      |       |       |       |       |     2 |       ||     2
  Use: Scroll            |       |    16 |       |    12 |    25 |       ||    53
       Potion            |       |       |     3 |     2 |    20 |       ||    25
 Stab: Sleeping          |    10 |    11 |     4 |    52 |    69 |       ||   146
       Paralysed         |       |       |     5 |    37 |   109 |     2 ||   153
       Distracted        |       |       |       |     2 |    12 |       ||    14
       Confused          |       |       |       |       |     1 |       ||     1
       Petrifying        |       |       |       |       |     1 |       ||     1
       Petrified         |       |       |       |       |     1 |       ||     1
  Eat: Chunk             |       |     6 |     9 |    25 |    45 |       ||    85
       Ration            |       |       |       |       |     5 |       ||     5
Armor: Skin              |     5 |     2 |     9 |    21 |    82 |     1 ||   120
Dodge: Dodged            |    75 |   135 |   304 |   712 |  2149 |    37 ||  3412
